AoeStats
← TheF!nalOne

Oasis

509473050Analyzed
2v2 RM · 5d ago on Sep 26, 2026· 61m 22s· 4 players
Game mode
Random Map
Map size
Medium (4 player)
Population
200
Speed
Normal
Resources
Standard
Victory
Conquest
Starting age
Dark Age
Ending age
Imperial Age
RankedLock teamsTeams togetherTeam positionsShared explorationLock speedFull tech treeHidden civsTurbo modeCheats
Victory
Defeat
🇺🇸 Spanish · United States
995
+13
🇺🇸 Koreans · United States
980
+14
🇺🇸 Varangians · United States
940
-38
🇺🇸 Portuguese · United States
925
-13
orodginal
5:18 Loom
11:37 Feudal Age
15:54 Castle Age
17:33 Double-Bit Axe
33:06 Gambesons
33:23 Pikeman
54:05 Imperial Age
54:38 Scale Mail Armor
54:52 Forging
56:05 Halberdier
Knocked Loose
10:55 Feudal Age
15:07 Double-Bit Axe
17:46 Horse Collar
25:52 Castle Age
24:17 Gold Mining
25:00 Fletching
25:12 Padded Archer Armor
29:40 Imperial Age
29:07 Bow Saw
30:49 Stone Mining
30:44 Cranequins
32:00 Caravan
33:03 Stone Shaft Mining
33:29 Wheelbarrow
33:57 Ballistics
55:27 Elite Varangian Guard
56:09 Squires
55:56 Arson
TheF!nalOne
10:43 Feudal Age
12:03 Double-Bit Axe
18:27 Castle Age
17:18 Loom
19:14 Fletching
19:02 Crossbowman
19:23 Crossbowman
20:43 Bow Saw
21:42 Horse Collar
24:49 Forging
24:47 Scale Barding Armor
25:54 Town Watch
28:12 Forging
28:49 Chain Barding Armor
29:58 Ballistics
30:22 Iron Casting
33:08 Thumb Ring
33:05 Husbandry
34:35 Bodkin Arrow
44:42 Imperial Age
46:13 Bracer
47:16 Chemistry
47:02 Masonry
46:55 Heavy Plow
47:58 Two-Man Saw
48:58 Stone Mining
49:54 Caravan
50:46 Conscription
51:35 Wheelbarrow
51:33 Cavalier
53:44 Coinage
53:26 Guilds
55:01 Town Patrol
55:17 Hand Cart
54:56 Gold Mining
55:41 Stone Shaft Mining
55:35 Elite War Wagon
BLUERACOON
2:09 Loom
10:15 Feudal Age
12:13 Man-at-Arms
12:41 Town Watch
19:18 Double-Bit Axe
19:14 Horse Collar
24:11 Castle Age
25:20 Stone Mining
25:49 Fletching
26:01 Padded Archer Armor
35:51 Wheelbarrow
35:17 Town Patrol
35:39 Scale Mail Armor
35:35 Bodkin Arrow
35:55 Leather Archer Armor
38:32 Caravan
41:16 Imperial Age
41:46 Hand Cart
41:27 Pikeman
42:07 Squires
41:53 Arson
42:19 Forging
42:25 Chain Mail Armor
45:17 Elite Conquistador
47:49 Capped Ram
47:51 Onager
49:15 Conscription
50:34 Supremacy
51:19 Bow Saw
51:11 Heavy Plow
51:35 Halberdier
52:53 Iron Casting
53:43 Guilds
54:04 Coinage
55:51 Blast Furnace
55:22 Plate Mail Armor
54:53 Bracer
56:53 Siege Ram
59:20 Two-Man Saw
58:29 Scale Barding Armor
58:54 Ring Archer Armor
59:16 Murder Holes
59:43 Ballistics
60:24 Chemistry
60:20 Fortified Wall
60:38 Chain Barding Armor
59:41 Light Cavalry
60:31 Bloodlines
60:22 Husbandry
59:42 Cavalier
59:45 Elite Skirmisher
60:31 Thumb Ring
59:47 Heavy Mounted Crossbowman
61:34 Guard Tower
62:21 Plate Barding Armor
61:09 Long Swordsman
61:35 Gambesons
61:12 Hussar
Connection lost

Rejoining the realm…

Still unreachable

The connection could not be restored.

Session expired

The server has moved on; the page needs a fresh start.